 Dungeon Crawl Stone Soup version 0.21.0-24-g2553a3340b (webtiles) character file.

1279 Berahthraban the Conjurer (level 8, -1/48 HPs)
             Began as a Gargoyle Wizard on Jan 20, 2018.
             Was a Believer of Vehumet.
             Slain by a hippogriff (7 damage)
             ... on level 8 of the Dungeon on Jan 21, 2018.
             The game lasted 00:45:45 (7714 turns).

Berahthraban the Conjurer (Gargoyle Wizard)         Turns: 7714, Time: 00:45:46

Health: -1/48      AC: 10    Str: 11    XL:     8   Next: 54%
Magic:  16/24      EV: 13    Int: 21    God:    Vehumet [**....]
Gold:   100        SH:  0    Dex:  8    Spells: 7/17 levels left

rFire    . . .     SeeInvis +   a - +0 falchion
rCold    . . .     Gourm    .   (no shield)
rNeg     + . .     Faith    .   b - +0 robe
rPois    ∞         Spirit   .   u - +0 helmet
rElec    +         Reflect  .   (no cloak)
rCorr    .         Harm     .   h - +0 pair of gloves
MR       .....                  e - +0 pair of boots
Stlth    ++........             (no amulet)
HPRegen  0.16/turn              m - ring of see invisible
MPRegen  0.19/turn              w - ring of magical power

@: no status effects
A: negative energy resistance 1, electricity resistance, unbreathing,
petrification resistance, rot immunity, AC +5
a: Renounce Religion


You were on level 8 of the Dungeon.
You worshipped Vehumet.
Vehumet was pleased with you.
You were very hungry.

You visited 1 branch of the dungeon, and saw 8 of its levels.
You also visited: Bailey.

You collected 221 gold pieces.
You spent 121 gold pieces at shops.


Innate Abilities, Weirdness & Mutations

You are resistant to torment.
Your stone body is resilient. (AC +5)
You are immune to poison.
You resist negative energy. (rN+)
You are resistant to electric shocks. (rElec)
You can survive without breathing.
You are immune to petrification.
You are immune to rotting.


   Skills:
 + Level 4.6 Fighting
 - Level 5.1 Dodging
 - Level 2.1 Stealth
 - Level 5.0 Spellcasting
 - Level 5.1 Conjurations
 - Level 2.0 Summonings
   Level 0.8 Translocations


You had 7 spell levels left.
You knew the following spells:

 Your Spells              Type           Power        Failure   Level  Hunger
a - Magic Dart            Conj           ####         1%          1    None
b - Call Imp              Summ           ##......     7%          2    None
c - Conjure Flame         Conj/Fire      ###.....     11%         3    ##.....
d - Mephitic Cloud        Conj/Pois/Air  ##......     16%         3    ##.....
e - Shock                 Conj/Air       ###.         3%          1    None

Inventory:

Hand Weapons
 a - a +0 falchion (weapon)
 i - a +1 dagger of venom
 l - a +0 mace
 p - a +0 lajatang
Armour
 b - a +0 robe (worn)
 e - a +0 pair of boots (worn)
 h - a +0 pair of gloves (worn)
 u - a +0 helmet (worn)
Jewellery
 m - a ring of see invisible (left hand)
 w - a ring of magical power (right hand)
Wands
 s - a wand of acid (6)
Scrolls
 g - 2 scrolls of teleportation {@r4}
 j - 2 scrolls of identify {@r1}
 n - 4 scrolls of remove curse
 r - 2 scrolls of fear
Potions
 f - a potion of might
 k - 2 potions of flight
 q - 3 potions of mutation {!q}
 t - a potion of curing {@q1}
 v - a potion of magic
Books
 c - a book of Minor Magic

   Spells                             Type                      Level
   a - Magic Dart                     Conjuration                  1
   b - Blink                          Translocation                2
   c - Call Imp                       Summoning                    2
   d - Slow                           Hexes                        2
   e - Conjure Flame                  Conjuration/Fire             3
   f - Mephitic Cloud                 Conjuration/Poison/Air       3
Comestibles
 d - 6 rations

Dungeon Overview and Level Annotations

Branches:
Dungeon (8/15)             Temple (0/1) D:6
   Lair: D:8-11

Altars:
Cheibriados
Elyvilon
Hepliaklqana
Kikubaaqudgha
Nemelex Xobeh
Okawaru
Qazlal
Trog
Vehumet
Xom
Yredelemnul
Zin

Shops:
D:4 !

Annotations:
D:1 cleared, exclusion: downstairs
D:2 cleared
D:3 cleared
D:4 exclusion: ogre, Dowan, Duvessa, Sigmund
D:5 cleared
D:6 cleared
D:7 cleared, exclusion: 2 downstairs

.... ...
#####..
#...#.#
#...#.#
###.....#
#≈≈5≈≈###
#≈#H#≈..#
#≈#@#≈#.#
#≈#5#≈#.#
#≈≈.≈≈# .
###.######
#<......#
######..#
#


You could see a hippogriff, a friendly crimson imp and a friendly white imp.


Message History

The zap hits the hippogriff.
The hippogriff is moderately wounded.
The hippogriff bites you. The hippogriff pecks you.
The hippogriff barely misses you.
Aiming: Shock The zap hits the hippogriff.
The hippogriff is moderately wounded.
The zap hits the hippogriff.
The hippogriff is heavily wounded.
The hippogriff bites you.
* * * LOW HITPOINT WARNING * * *
The hippogriff pecks you but does no damage.
The hippogriff claws you.
* * * LOW HITPOINT WARNING * * *
The hippogriff bites your crimson imp!
The hippogriff claws your crimson imp but does no damage.
There is an open door here.
There is a bloodstained altar of Trog here.
A beastly little devil appears in a puff of flame.
The hippogriff bites you.
* * * LOW HITPOINT WARNING * * *
The hippogriff barely misses you. The hippogriff closely misses you.
A beastly little devil appears in a puff of frigid air.
The hippogriff misses you. The hippogriff pecks you.
* * * LOW HITPOINT WARNING * * *
The hippogriff claws you!
You die...

Action                   |  1- 3 |  4- 6 |  7- 9 || total
-------------------------+-------+-------+-------++-------
Melee: Club              |     5 |       |       ||     5
       Unarmed           |     4 |       |       ||     4
       Dagger            |    28 |    19 |       ||    47
       Falchion          |       |    32 |    12 ||    44
 Cast: Magic Dart        |    73 |   199 |   141 ||   413
       Call Imp          |     1 |    11 |    13 ||    25
       Shock             |       |       |     4 ||     4
       Conjure Flame     |       |       |     1 ||     1
  Use: Scroll            |       |     6 |     6 ||    12
       Potion            |       |     1 |       ||     1
 Stab: Sleeping          |     1 |     4 |       ||     5
  Eat: Chunk             |     1 |    12 |     4 ||    17
       Ration            |       |       |     1 ||     1
Armor: Robe              |    28 |    56 |    32 ||   116
Dodge: Dodged            |    45 |    98 |    52 ||   195
       Rpst.: Falchion   |       |    31 |    12 ||    43

Vault maps used:
D:1:      lightli_arrival_windingriver, lemuel_old_faithful
D:2:      grunt_temple_overflow_order_and_chaos_1, old_standard_altar, tgw_trog
D:3:      vehumet_crystals, uniq_grinder
D:4:      nicolae_dithmenos_the_darkroom, okawaru_ov_weapons_minmay,
          first_ration, serial_shops, shop, uniq_duvessa, uniq_sigmund
D:5:      overflow_temple_1_default, cheibrodos_sewer_entry_drain,
          eino_small_chamber_without_monster, minivault_4,
          corexii_leaking_fountain
D:6:      kennysheep_mini, temple_fountains
D:7:      minitemple, basic_altar, enter_bailey_2, hangedman_decor_opposing
D:8:      kennysheep_mini_moat, lightli_orcish_oven, uniq_psyche
Bailey:   bailey_axe_1, bailey

Notes
Turn   | Place    | Note
-------+----------+-------------------------------------------
     0 | D:1      | Berahthraban the Gargoyle Wizard began the quest for the Orb.
     0 | D:1      | Reached XP level 1. HP: 10/10 MP: 4/4
   201 | D:1      | Reached XP level 2. HP: 13/15 MP: 0/6
   205 | D:1      | Learned a level 2 spell: Call Imp
   290 | D:1      | Reached skill level 2 in Dodging
   357 | D:1      | Reached skill level 2 in Conjurations
   453 | D:1      | Reached XP level 3. HP: 19/19 MP: 7/7
  1372 | D:2      | Found a stormy altar of Qazlal.
  1376 | D:2      | Reached skill level 3 in Conjurations
  1376 | D:2      | Reached XP level 4. HP: 24/24 MP: 4/8
  1471 | D:2      | Noticed a moth of wrath
  1521 | D:2      | Found a bloodstained altar of Trog.
  1578 | D:2      | Found a glowing silver altar of Zin.
  1578 | D:2      | Noticed an angel
  1582 | D:2      | Found a shimmering altar of Xom.
  2421 | D:3      | Noticed Grinder
  2530 | D:3      | Found a radiant altar of Vehumet.
  2537 | D:3      | Became a worshipper of Vehumet
  2614 | D:3      | Reached skill level 3 in Dodging
  2614 | D:3      | Reached XP level 5. HP: 6/28 MP: 0/9
  3647 | D:4      | Reached skill level 4 in Conjurations
  3651 | D:4      | Found Zaboergha's Distillery.
  3716 | D:4      | Bought a potion of curing for 33 gold pieces
  3716 | D:4      | Bought a potion of magic for 88 gold pieces
  3719 | D:4      | Noticed Sigmund
  3781 | D:4      | Noticed a phantom
  4075 | D:4      | Found an iron altar of Okawaru.
  4097 | D:4      | Noticed an ogre
  4103 | D:4      | Noticed Duvessa
  4136 | D:4      | Paralysed by Duvessa for 7 turns
  4144 | D:5      | Entered Level 5 of the Dungeon
  4366 | D:5      | Reached XP level 6. HP: 27/32 MP: 7/10
  4473 | D:5      | Reached * piety under Vehumet
  4473 | D:5      | Offered knowledge of Freeze by Vehumet.
  4604 | D:5      | Noticed a sky beast
  4620 | D:5      | Killed a sky beast
  4620 | D:5      | Reached skill level 4 in Dodging
  4620 | D:5      | Reached skill level 5 in Conjurations
  4684 | D:4      | Noticed Dowan
  4687 | D:5      | HP: 2/32 [iguana (8)]
  4713 | D:5      | HP: 2/32 [giant cockroach (1)]
  4739 | D:5      | HP: 2/32 [crimson imp (2)]
  4771 | D:5      | Reached skill level 1 in Summonings
  4963 | D:5      | Reached XP level 7. HP: 27/36 MP: 11/11
  5036 | D:5      | Reached skill level 2 in Summonings
  5312 | D:5      | Found an ancient bone altar of Kikubaaqudgha.
  5494 | D:5      | Reached skill level 4 in Spellcasting
  5861 | D:3      | Paralysed by Grinder for 7 turns
  5870 | D:3      | Paralysed by Grinder for 3 turns
  5891 | D:3      | Paralysed by Grinder for 6 turns
  5910 | D:3      | Killed Grinder
  5910 | D:3      | Reached skill level 1 in Fighting
  5910 | D:3      | Reached skill level 5 in Dodging
  5910 | D:3      | Reached XP level 8. HP: 19/43 MP: 10/14
  6089 | D:6      | Learned a level 3 spell: Conjure Flame
  6093 | D:6      | Learned a level 3 spell: Mephitic Cloud
  6123 | D:6      | Reached skill level 2 in Fighting
  6271 | D:6      | Found a hazy altar of Hepliaklqana.
  6358 | D:6      | Found a staircase to the Ecumenical Temple.
  6567 | D:7      | Found a sparkling altar of Nemelex Xobeh.
  6577 | D:7      | Reached skill level 3 in Fighting
  6577 | D:7      | Reached skill level 5 in Spellcasting
  6597 | D:7      | Reached ** piety under Vehumet
  6749 | D:7      | Found a flagged portal.
  6756 | Bailey   | Entered a bailey
  6763 | Bailey   | Offered knowledge of Shock by Vehumet.
  6836 | Bailey   | Reached skill level 4 in Fighting
  7076 | Bailey   | Noticed an orc knight
  7101 | D:7      | Learned a level 1 spell: Shock
  7348 | D:7      | Found a snail-covered altar of Cheibriados.
  7349 | D:7      | Found a white marble altar of Elyvilon.
  7350 | D:7      | Found a basalt altar of Yredelemnul.
  7632 | D:8      | Noticed a hippogriff
  7694 | D:8      | Found a bloodstained altar of Trog.
  7702 | D:8      | Noticed a hippogriff
  7714 | D:8      | Slain by a hippogriff

Vanquished Creatures
  A sky beast (D:5)
  An ogre (D:5)
  3 bullfrogs
  A howler monkey (D:5)
  4 orc priests
  2 hounds (D:6)
  An iguana (D:3)
  5 orc wizards
  3 worker ants
  5 gnolls
  An adder (D:1)
  A shadow imp (D:6)
  2 oozes
  6 worms
  A dart slug (D:1)
  3 leopard geckos
  21 orcs
  3 ball pythons
  11 bats
  2 giant cockroaches
  A goblin (D:3)
  10 hobgoblins
  4 jackals (D:5)
  25 kobolds
  3 quokkas
  3 frilled lizards
  8 rats
131 creatures vanquished.

Vanquished Creatures (collateral kills)
  Grinder (D:3)
  An orc warrior (Bailey)
  A crimson imp (D:5)
  An iguana (D:5)
  A gnoll (Bailey)
  A worm (D:5)
  2 orcs (Bailey)
  A giant cockroach (D:5)
9 creatures vanquished.

Vanquished Creatures (others)
  A bat (D:1)
1 creature vanquished.

Grand Total: 141 creatures vanquished
